PAAA
SCRANTON SUPERNOVAS @ BALTIMORE BLACK SOX
07/02/2033
 
TOP OF THE 1ST
Scranton Supernovas batting - Pitching for Baltimore Black Sox : RHP Tomás Huesca
Pitching: RHP Tomás Huesca
Batting: LHB Hai-feng Tang 0-0: Foul Ball, location: 2F
0-1: Called Strike
0-2: Foul Ball, location: 2F
0-2: Strikes out swinging
Batting: RHB Luke Kreijling 0-0: Ball
1-0: Ball
2-0: Called Strike
2-1: Ball
3-1: DOUBLE (Line Drive, 8RD)
Batting: LHB Chase Popoff 0-0: Fly out, F7 (Flyball, 7S)
Batting: LHB Rafael Sánchez 0-0: Ball
1-0: Ground out 4-3 (Groundball, 4M)
Top of the 1st over - 0 runs, 1 hit, 0 errors, 1 left on base; Scranton 0 - Baltimore 0
BOTTOM OF THE 1ST
Baltimore Black Sox batting - Pitching for Scranton Supernovas : RHP NaNomi Lojore
Pitching: RHP NaNomi Lojore
Batting: LHB Ramón Flores 0-0: Called Strike
0-1: Called Strike
0-2: Foul Ball, location: 2F
0-2: Reached on error, E6 (Line Drive, 6M)
Batting: RHB Carlos González 0-0: Ball
Ramón Flores steals 2nd base
1-0: Ball
2-0: Ball
3-0: Called Strike
3-1: Swinging Strike
3-2: SINGLE (Flyball, 78S)
Ramón Flores to third
Throwing error, E7
Ramón Flores scores
Carlos González to second
Batting: LHB Sergio Rodríguez 0-0: Fly out, F9 (Flyball, 9S)
Batting: LHB Tim Waters 0-0: Ball
1-0: Ball
2-0: Called Strike
2-1: Swinging Strike
2-2: Ball
3-2: Strikes out looking and he ARGUES THE CALL AND IS TOSSED!
Batting: RHB Berihun Tukufu 0-0: Called Strike
0-1: Swinging Strike
0-2: Ball
1-2: Foul Ball, location: 2F
1-2: Strikes out looking
Bottom of the 1st over - 1 run, 1 hit, 2 errors, 1 left on base; Scranton 0 - Baltimore 1
TOP OF THE 2ND
Scranton Supernovas batting - Pitching for Baltimore Black Sox : RHP Tomás Huesca
Now in RF: Alex Mable
Batting: RHB José Rodríguez 0-0: Called Strike
0-1: Called Strike
0-2: Ball
1-2: Ball
2-2: Ball
3-2: Foul Ball, location: 2F
Error on foul ball, E3
3-2: Fly out, F3 (Popup, 3)
Batting: RHB Senior Pond 0-0: Ball
1-0: Ball
2-0: Called Strike
2-1: Swinging Strike
2-2: Foul Ball, location: 2F
2-2: SINGLE (Groundball, 56D)
Batting: RHB José Bravo 0-0: 2-RUN HOME RUN (Flyball, 7LD), Distance : 330 ft
Batting: SHB Alonso Solís 0-0: Fly out, F7 (Flyball, 78M)
Batting: RHB Rodrigo Lugo 0-0: Called Strike
0-1: Foul Ball, location: 2F
0-2: Ball
1-2: Ground out U3 (Groundball, 3L)
Top of the 2nd over - 2 runs, 2 hits, 1 error, 0 left on base; Scranton 2 - Baltimore 1
BOTTOM OF THE 2ND
Baltimore Black Sox batting - Pitching for Scranton Supernovas : RHP NaNomi Lojore
Batting: RHB Raúl Cicerón 0-0: Called Strike
0-1: SINGLE (Line Drive, 3)
Batting: RHB Lee Storment 0-0: Ball
1-0: Ball
2-0: Called Strike
2-1: Swinging Strike
2-2: Ball
3-2: Foul Ball, location: 2F
3-2: Base on Balls
Raúl Cicerón to second
Batting: RHB Landon Edwards 0-0: Ball
1-0: Fly out, F6 (Line Drive, 6M)
Batting: RHB Fernando Martínez 0-0: Ball
1-0: Swinging Strike
1-1: Ball
2-1: Ball
3-1: Ground out 6-3 (Groundball, 6S)
Raúl Cicerón to third
Lee Storment to second
Batting: LHB Ramón Flores 0-0: Foul Ball, location: 2F
0-1: Ball
1-1: DOUBLE (Line Drive, 89D)
Raúl Cicerón scores
Lee Storment scores
Batting: RHB Carlos González 0-0: Called Strike
0-1: Called Strike
0-2: Strikes out looking
Bottom of the 2nd over - 2 runs, 2 hits, 0 errors, 1 left on base; Scranton 2 - Baltimore 3
TOP OF THE 3RD
Scranton Supernovas batting - Pitching for Baltimore Black Sox : RHP Tomás Huesca
Batting: LHB Hai-feng Tang 0-0: Ball
1-0: Ball
2-0: Swinging Strike
2-1: Ball
3-1: Base on Balls
Batting: RHB Luke Kreijling 0-0: Fly out, F8 (Flyball, 89M)
Batting: LHB Chase Popoff 0-0: Ball
1-0: Ball
2-0: Called Strike
2-1: Ball
3-1: Called Strike
3-2: Fly out, F6 (Popup, P)
Batting: LHB Rafael Sánchez 0-0: Called Strike
0-1: Called Strike
0-2: Ball
1-2: Ball
2-2: Foul Ball, location: 2F
2-2: Ball
3-2: Foul Ball, location: 2F
3-2: SINGLE (Groundball, 56) (infield hit)
Hai-feng Tang to second
Batting: RHB José Rodríguez 0-0: Called Strike
0-1: Ball
Wild Pitch!
Hai-feng Tang to third
Rafael Sánchez to second
1-1: Swinging Strike
1-2: Fly out, F3 (Line Drive, 3)
Top of the 3rd over - 0 runs, 1 hit, 0 errors, 2 left on base; Scranton 2 - Baltimore 3
BOTTOM OF THE 3RD
Baltimore Black Sox batting - Pitching for Scranton Supernovas : RHP NaNomi Lojore
Batting: LHB Sergio Rodríguez 0-0: Ball
1-0: Swinging Strike
1-1: Fly out, F8 (Flyball, 89M)
Batting: SHB Alex Mable 0-0: Ball
1-0: Foul Ball, location: 2F
1-1: Foul Ball, location: 2F
1-2: Strikes out swinging
Batting: RHB Berihun Tukufu 0-0: Ball
1-0: Ground out 6-3 (Groundball, 6)
Bottom of the 3rd over - 0 runs, 0 hits, 0 errors, 0 left on base; Scranton 2 - Baltimore 3
TOP OF THE 4TH
Scranton Supernovas batting - Pitching for Baltimore Black Sox : RHP Tomás Huesca
Batting: RHB Senior Pond 0-0: Called Strike
0-1: Ball
1-1: Swinging Strike
1-2: Ball
2-2: Foul Ball, location: 2F
2-2: Foul Ball, location: 2F
2-2: SINGLE (Groundball, 6MD)
Batting: RHB José Bravo 0-0: Foul Ball, location: 2F
0-1: Ball
1-1: Ball
2-1: Foul Ball, location: 2F
2-2: Ball
3-2: Base on Balls
Senior Pond to second
Batting: SHB Alonso Solís 0-0: Ball
1-0: Foul Ball, location: 2F
1-1: Ball
2-1: Fly out, F6 (Popup, 15)
Batting: RHB Rodrigo Lugo 0-0: Ball
1-0: Ball
2-0: Foul Ball, location: 2F
2-1: Foul Ball, location: 2F
2-2: Fly out, F7 (Flyball, 7)
Batting: LHB Hai-feng Tang 0-0: Ball
1-0: Ball
2-0: Ball
3-0: Base on Balls
Senior Pond to third
José Bravo to second
Batting: RHB Luke Kreijling 0-0: Foul Ball, location: 2F
0-1: Ball
1-1: Ball
2-1: Ball
3-1: Called Strike
3-2: Base on Balls
Senior Pond scores
José Bravo to third
Hai-feng Tang to second
Batting: LHB Chase Popoff 0-0: Foul Ball, location: 2F
0-1: Called Strike
0-2: Ball
1-2: Ground out 3-1 (Groundball, 23)
Top of the 4th over - 1 run, 1 hit, 0 errors, 3 left on base; Scranton 3 - Baltimore 3
BOTTOM OF THE 4TH
Baltimore Black Sox batting - Pitching for Scranton Supernovas : RHP NaNomi Lojore
Batting: RHB Raúl Cicerón 0-0: Ball
1-0: Ball
2-0: Ball
3-0: Base on Balls
Batting: RHB Lee Storment 0-0: Called Strike
Raúl Cicerón steals 2nd base
0-1: Swinging Strike
0-2: Strikes out looking
Batting: RHB Landon Edwards 0-0: Called Strike
0-1: Foul Ball, location: 2F
0-2: Foul Ball, location: 2F
0-2: Foul Ball, location: 2F
0-2: Ground out 5-3 (Groundball, 56S)
Raúl Cicerón to third
Batting: RHB Fernando Martínez 0-0: Ball
1-0: Called Strike
1-1: Foul Ball, location: 2F
1-2: Ball
2-2: Ground out 6-3 (Groundball, 6)
Bottom of the 4th over - 0 runs, 0 hits, 0 errors, 1 left on base; Scranton 3 - Baltimore 3
TOP OF THE 5TH
Scranton Supernovas batting - Pitching for Baltimore Black Sox : RHP Tomás Huesca
Batting: LHB Rafael Sánchez 0-0: Called Strike
0-1: Ball
1-1: Ball
2-1: Ball
3-1: Base on Balls
Batting: RHB José Rodríguez 0-0: Ball
1-0: Swinging Strike
1-1: Foul Ball, location: 2F
1-2: Grounds into double play, 5-4-3 (Groundball, 5)
Batting: RHB Senior Pond 0-0: Called Strike
0-1: Fly out, F8 (Flyball, 8LM)
Top of the 5th over - 0 runs, 0 hits, 0 errors, 0 left on base; Scranton 3 - Baltimore 3
BOTTOM OF THE 5TH
Baltimore Black Sox batting - Pitching for Scranton Supernovas : RHP NaNomi Lojore
Batting: LHB Ramón Flores 0-0: Ball
1-0: Foul Ball, location: 2F
1-1: Called Strike
1-2: Ground out 4-3 (Groundball, 4)
Batting: RHB Carlos González 0-0: SINGLE (Groundball, 56S) (infield hit)
Batting: LHB Sergio Rodríguez 0-0: Called Strike
0-1: Ground out U3 (Groundball, 34)
Carlos González to second
Batting: SHB Alex Mable 0-0: Ball
1-0: Ball
2-0: Ground out U3 (Groundball, 3)
Bottom of the 5th over - 0 runs, 1 hit, 0 errors, 1 left on base; Scranton 3 - Baltimore 3
TOP OF THE 6TH
Scranton Supernovas batting - Pitching for Baltimore Black Sox : RHP Tomás Huesca
Batting: RHB José Bravo 0-0: Fly out, F3 (Popup, 3SF)
Batting: SHB Alonso Solís 0-0: Ball
1-0: Fly out, F8 (Flyball, 8RD)
Batting: RHB Rodrigo Lugo 0-0: Ball
1-0: SINGLE (Groundball, 56D)
Batting: LHB Hai-feng Tang 0-0: Swinging Strike
0-1: Ball
1-1: Swinging Strike
1-2: Ball
2-2: Foul Ball, location: 2F
2-2: SINGLE (Groundball, 25) (infield hit)
Rodrigo Lugo to second
Pitching: RHP Chris Hayes
Batting: RHB Luke Kreijling 0-0: Fielders Choice at 2nd, 6-4 (Groundball, 6)
Top of the 6th over - 0 runs, 2 hits, 0 errors, 2 left on base; Scranton 3 - Baltimore 3
BOTTOM OF THE 6TH
Baltimore Black Sox batting - Pitching for Scranton Supernovas : RHP NaNomi Lojore
Batting: RHB Berihun Tukufu 0-0: Called Strike
0-1: Called Strike
0-2: Fly out, F7 (Flyball, 7D)
Batting: RHB Raúl Cicerón 0-0: Called Strike
0-1: Ball
1-1: Swinging Strike
1-2: Strikes out swinging
Batting: RHB Lee Storment 0-0: Ball
1-0: Ball
2-0: Foul Ball, location: 2F
2-1: SINGLE (Line Drive, 8RS)
Batting: RHB Landon Edwards 0-0: Ball
1-0: Called Strike
1-1: Ball
2-1: Called Strike
2-2: Strikes out swinging
Bottom of the 6th over - 0 runs, 1 hit, 0 errors, 1 left on base; Scranton 3 - Baltimore 3
TOP OF THE 7TH
Scranton Supernovas batting - Pitching for Baltimore Black Sox : RHP Chris Hayes
Batting: LHB Chase Popoff 0-0: Ball
1-0: Ball
2-0: SINGLE (Groundball, 6MD)
Batting: LHB Rafael Sánchez 0-0: Ball
1-0: Fly out, F4 (Line Drive, 4)
Pinch Runner at 1st David Wooderson:
Batting: RHB José Rodríguez 0-0: Called Strike
0-1: Ball
1-1: Foul Ball, location: 2F
1-2: Foul Ball, location: 2F
1-2: Foul Ball, location: 2F
1-2: SINGLE (Line Drive, 8LS)
David Wooderson to second
Batting: RHB Senior Pond 0-0: Ball
1-0: Called Strike
1-1: Called Strike
1-2: Foul Ball, location: 2F
1-2: Ball
2-2: Ball
3-2: Foul Ball, location: 2F
3-2: Reached on error, E5 (Groundball, 2L)
David Wooderson to third
José Rodríguez to second
Batting: RHB José Bravo 0-0: Ball
1-0: Ball
2-0: Ball
3-0: Called Strike
3-1: Called Strike
3-2: Strikes out swinging
Batting: SHB Alonso Solís 0-0: Ball
1-0: Called Strike
1-1: Called Strike
1-2: Ball
2-2: Foul Ball, location: 2F
2-2: SINGLE (Flyball, 78M)
David Wooderson scores
José Rodríguez to third
Senior Pond to second
Batting: RHB Rodrigo Lugo 0-0: Ball
1-0: Fly out, F4 (Line Drive, 4M)
Top of the 7th over - 1 run, 3 hits, 1 error, 3 left on base; Scranton 4 - Baltimore 3
BOTTOM OF THE 7TH
Baltimore Black Sox batting - Pitching for Scranton Supernovas : RHP NaNomi Lojore
Now at 2B: David Wooderson
Batting: RHB Fernando Martínez 0-0: Ball
1-0: Foul Ball, location: 2F
1-1: Ball
2-1: Ball
3-1: Called Strike
3-2: Strikes out swinging
Batting: LHB Ramón Flores 0-0: Called Strike
0-1: Ground out 6-3 (Groundball, 6S)
Batting: RHB Carlos González 0-0: Ball
1-0: Called Strike
1-1: Called Strike
1-2: Ball
2-2: Ball
3-2: Ground out U3 (Groundball, 34)
Bottom of the 7th over - 0 runs, 0 hits, 0 errors, 0 left on base; Scranton 4 - Baltimore 3
TOP OF THE 8TH
Scranton Supernovas batting - Pitching for Baltimore Black Sox : RHP Chris Hayes
Batting: LHB Hai-feng Tang 0-0: Foul Ball, location: 2F
0-1: Foul Ball, location: 2F
0-2: Ball
1-2: Strikes out swinging, 2-3 out at first.
Batting: RHB Luke Kreijling 0-0: Ball
1-0: Called Strike
1-1: Called Strike
1-2: Ball
2-2: Fly out, F7 (Line Drive, 78M)
Batting: RHB David Wooderson 0-0: Called Strike
0-1: Ball
1-1: Swinging Strike
1-2: Strikes out swinging
Top of the 8th over - 0 runs, 0 hits, 0 errors, 0 left on base; Scranton 4 - Baltimore 3
BOTTOM OF THE 8TH
Baltimore Black Sox batting - Pitching for Scranton Supernovas : RHP NaNomi Lojore
Batting: LHB Sergio Rodríguez 0-0: SINGLE (Flyball, 9S)
Batting: SHB Alex Mable 0-0: Ball
1-0: Ball
2-0: Ball
3-0: Called Strike
3-1: SINGLE (Groundball, 34) (infield hit)
Sergio Rodríguez to second
Pitching: LHP Jeff Schneider
Batting: RHB Berihun Tukufu 0-0: Fly out, F7 (Flyball, 7S)
Batting: RHB Raúl Cicerón 0-0: Ball
1-0: Fly out, F7 (Line Drive, 7)
Batting: RHB Lee Storment 0-0: Called Strike
0-1: Ball
1-1: Swinging Strike
1-2: Strikes out swinging
Bottom of the 8th over - 0 runs, 2 hits, 0 errors, 2 left on base; Scranton 4 - Baltimore 3
TOP OF THE 9TH
Scranton Supernovas batting - Pitching for Baltimore Black Sox : RHP Chris Hayes
Pitching: RHP Gordon Neugebauer
Batting: LHB Rafael Sánchez 0-0: Foul Ball, location: 2F
0-1: Ball
1-1: Ball
2-1: Ground out U3 (Groundball, 34)
Batting: RHB José Rodríguez 0-0: Foul Ball, location: 2F
0-1: Called Strike
0-2: Ball
1-2: Foul Ball, location: 2F
1-2: Ball
2-2: Ball
3-2: Fly out, F2 (Popup, 23F)
Batting: RHB Senior Pond 0-0: Ball
1-0: Fly out, F8 (Flyball, 8LD)
Top of the 9th over - 0 runs, 0 hits, 0 errors, 0 left on base; Scranton 4 - Baltimore 3
BOTTOM OF THE 9TH
Baltimore Black Sox batting - Pitching for Scranton Supernovas : LHP Jeff Schneider
Pitching: RHP Malulani Anakone
Now in RF: Todd Blankenburg
Batting: RHB Landon Edwards 0-0: Ball
1-0: Foul Ball, location: 2F
1-1: Ball
2-1: Foul Ball, location: 2F
2-2: Foul Ball, location: 2F
2-2: SINGLE (Line Drive, 78M)
Pinch Runner at 1st Tomás Valenzuela:
Batting: RHB Fernando Martínez 0-0: Ball
1-0: Ball
2-0: Sac Bunt - play at first, batter OUT! 2-4
Tomás Valenzuela to second
Batting: LHB Ramón Flores 0-0: Ground out 5-3 (Groundball, 56S)
Tomás Valenzuela to third
Batting: RHB Carlos González 0-0: 2-RUN HOME RUN (Flyball, 7LD), Distance : 341 ft
Saturday, December 22nd, 2018 - OOTP Baseball 18.8 Build 76